 Dungeon Crawl Stone Soup version 0.30-a0-824-g6c64550be9 (webtiles) character file.

Game seed: 16393993690751520652

2852 Nacht the Covert (level 9, -3/68 HPs)
             Began as a Naga Conjurer on Feb 27, 2023.
             Was an Initiate of Vehumet.
             Slain by a troll (7 damage)
             ... on level 8 of the Dungeon.
             The game lasted 00:09:00 (7872 turns).

Nacht the Covert (Naga Conjurer)                    Turns: 7872, Time: 00:09:00

Health: -3/68      AC:  6    Str:  9    XL:     9   Next: 75%
Magic:  3/29       EV:  9    Int: 23    God:    Vehumet [......]
Gold:   368        SH:  0    Dex: 10    Spells: 9/22 levels left

rFire   . . .      SeeInvis +    F - staff of conjuration
rCold   . . .      Faith    .    (no shield)
rNeg    . . .      Spirit   .    a - +0 robe
rPois   +          Reflect  .    (no helmet)
rElec   .          Harm     .    E - +0 cloak
rCorr   .          Rampage  .    i - +0 pair of gloves
Will    +....                    (no barding)
Stlth   ++++                     k - amulet of regeneration
HPRegen 1.11/turn                b - +4 ring of slaying
MPRegen 0.21/turn                c - ring of magical power

@: very slow
A: AC +3, large, see invisible, deformed body, poison resistance, slowness 2,
spit poison 1, naga tail 1
a: Spit Poison, Renounce Religion


You were on level 8 of the Dungeon.
You worshipped Vehumet.
Vehumet was noncommittal.
You visited 2 branches of the dungeon, and saw 9 of its levels.

You collected 368 gold pieces.

Inventory:

Hand Weapons
 n - a +2 dagger of electrocution
 D - the +10 rapier of Bread {vamp, rElec rN++}
   (You found it on level 7 of the Dungeon)

   rElec:     It insulates you from electricity.
   rN:        It greatly protects you from negative energy.
Armour
 a - a +0 robe (worn)
 i - a +0 pair of gloves (worn)
 E - a +0 cloak (worn)
Magical Staves
 F - a staff of conjuration (weapon)
Jewellery
 b - a +4 ring of slaying (left hand)
 c - a ring of magical power (right hand)
 f - an amulet of the acrobat
 k - an amulet of regeneration (around neck)
Wands
 l - a wand of polymorph (5)
Scrolls
 d - a scroll of fear
 g - 3 scrolls of teleportation {unknown}
 o - a scroll of immolation {unknown}
 p - 2 scrolls of noise {unknown}
 q - a scroll of brand weapon {unknown}
 r - 4 scrolls of enchant weapon {unknown}
 t - 3 scrolls of butterflies {unknown}
 v - 2 scrolls of poison {unknown}
 w - a scroll of acquirement {unknown}
 x - a scroll of amnesia {unknown}
 y - 3 scrolls of magic mapping {unknown}
 C - a scroll of enchant armour
 G - a scroll of torment {unknown}
Potions
 e - a potion of berserk rage
 h - 2 potions of degeneration
 j - 4 potions of curing
 m - 2 potions of might
 s - a potion of lignification
 u - a potion of magic
 z - 2 potions of cancellation
 A - a potion of brilliance
 B - a potion of ambrosia


   Skills:
 - Level 1.5 Dodging
 + Level 9.1 Stealth
 * Level 7.3 Spellcasting
 * Level 8.9 Conjurations
 - Level 3.0 Hexes
 - Level 3.0 Translocations


You had 9 spell levels left.
You knew the following spells:

 Your Spells              Type           Power      Damage    Failure   Level
a - Magic Dart            Conj           100%       1d8       1%          1
b - Searing Ray           Conj           100%       2d8       1%          2
c - Fulminant Prism       Conj/Hex       26%        3d14      6%          4
d - Iskenderun's Mystic   Conj/Tloc      52%        2d11      6%          4
k - Blink                 Tloc           44%        N/A       3%          2

Your spell library contained the following spells:

 Spells                   Type           Power      Damage    Failure   Level
 Dazzling Flash           Conj/Hex       100%       N/A       1%          3
 Lesser Beckoning         Tloc           44%        N/A       3%          2
 Stone Arrow              Conj/Erth      86%        3d12      3%          3
 Gell's Gravitas          Tloc           22%        N/A       6%          3
 Portal Projectile        Hex/Tloc       44%        N/A       6%          3
 Teleport Other           Tloc           22%        N/A       6%          3
 Tukima's Dance           Hex            22%        N/A       6%          3
 Sandblast                Erth           16%        2d6       8%          1
 Passwall                 Tmut/Erth      6%         N/A       11%         2
 Manifold Assault         Tloc           22%        N/A       22%         4
 Blade Hands              Tmut           4%         N/A       90%         5
 Storm Form               Tmut/Air       4%         N/A       100%        7


Dungeon Overview and Level Annotations

Branches:
Dungeon (8/15)             Temple (1/1) D:6
   Lair: D:8-11

Altars:
Ashenzari
Cheibriados
Elyvilon
Fedhas
Gozag
Kikubaaqudgha
Makhleb
Nemelex Xobeh
Okawaru
Qazlal
Ru
Sif Muna
Uskayaw
Vehumet
Wu Jian
Yredelemnul

Shops:
D:1 [   D:7 (

Annotations:
D:5 3 runed translucent doors, bande's ghost, novice GrFi


Innate Abilities, Weirdness & Mutations

Your serpentine skin is tough. (AC +3)
You have supernaturally acute eyesight. (SInv)
Armour fits poorly on your strangely shaped body.
Your system is resistant to poisons. (rPois)
You cover ground very slowly.
You can spit poison.
You have a snake-like lower body.


Message History

The troll shouts! (Press . to maintain the ray.)
Casting: Searing Ray (safe; 1% risk of failure)
Confirm with . or Enter, or press ? or * to list all spells.
Aiming: Searing Ray (safe; 1% risk of failure)
Press: ? - help, Shift-Dir - straight line, f/p - troll
Aim: a troll (lightly wounded, 83% to hit)
You feel a surge of power!
The searing ray hits the troll!
The troll is moderately wounded. (Press . to maintain the ray.)
The searing ray hits the troll.
The troll is heavily wounded.
The troll bites you but does no damage. The troll misses you.
The troll barely misses you.
The searing ray hits the troll but does no damage.
The troll is moderately wounded.
The bullfrog hits you but does no damage.
The troll bites you. The troll claws you! x2
The searing ray hits the troll!
The troll is severely wounded.
You finish channelling your searing ray.
The bullfrog hits you. The troll closely misses you.
The troll claws you but does no damage. The troll claws you!
The bullfrog hits you but does no damage.
Casting: Searing Ray (safe; 1% risk of failure)
Confirm with . or Enter, or press ? or * to list all spells.
Aiming: Searing Ray (safe; 1% risk of failure)
Press: ? - help, Shift-Dir - straight line, f/p - troll
Aim: a troll (severely wounded, 83% to hit)
You feel a surge of power!
The searing ray hits the troll!
The troll is almost dead. (Press . to maintain the ray.)
The bullfrog hits you. The troll bites you! The troll claws you!
* * * LOW HITPOINT WARNING * * *
The troll claws you!
* * * LOW HITPOINT WARNING * * *
The searing ray misses the troll.
The bullfrog hits you.
* * * LOW HITPOINT WARNING * * *
The troll bites you!
You die...

## ######### ### #.
........#
#...#.########.##### ## #
#......F@T.......# ...
#...#..#.#####.###.# ....
.......)#.###...##.##.....
#...#..).###.>............
##. #.#.###...............
# #....# #....<..........
#. F.# #.#........#....
...... #...#####..# ... ..
.... #..# #..# .


You could see a troll and a bullfrog.

Vanquished Creatures
  Pikel (D:4)
  2 steam dragons
  A water moccasin (D:7)
  3 sky beasts
  A black bear (D:7)
  2 ogres
  A centaur (D:6)
  A phantom (D:5)
  2 bullfrogs (D:7)
  A kobold brigand (D:7)
  2 necrophages (D:4)
  A scorpion (D:6)
  4 wights (D:8)
  2 howler monkeys
  2 gnoll boudas
  3 hounds
  3 orc priests (D:6)
  A jelly (D:4)
  3 iguanas
  4 orc wizards (D:6)
  5 adders
  9 gnolls
  A shadow imp (D:5)
  2 white imps
  2 ufetubi
  A worm (D:5)
  2 dart slugs
  11 orcs
  7 endoplasms
  A giant cockroach (D:2)
  10 goblins
  11 hobgoblins
  6 jackals
  4 quokkas
  6 ball pythons
  3 bats
  3 frilled lizards
  15 kobolds
  5 rats
144 creatures vanquished.

Vanquished Creatures (others)
  A butterfly (D:7)
  5 fulminant prisms
6 creatures vanquished.

Grand Total: 150 creatures vanquished

Notes
Turn   | Place    | Note
-------+----------+-------------------------------------------
     0 | D:1      | Nacht the Naga Conjurer began the quest for the Orb.
     0 | D:1      | Reached XP level 1. HP: 15/15 MP: 3/3
   245 | D:1      | Reached XP level 2. HP: 18/22 MP: 0/5
   390 | D:1      | Learned a level 2 spell: Searing Ray
   618 | D:1      | Found Kizo Man's Antique Armour Boutique.
   646 | D:1      | HP: 1/22 [bat (1)]
   649 | D:1      | Reached XP level 3. HP: 2/28 MP: 0/6
  2506 | D:3      | Reached skill level 4 in Stealth
  2506 | D:3      | Reached XP level 4. HP: 28/36 MP: 0/8
  2902 | D:3      | Learned a level 4 spell: Fulminant Prism
  3171 | D:4      | Noticed a necrophage
  3177 | D:4      | Killed a necrophage
  3178 | D:4      | Reached skill level 5 in Conjurations
  3178 | D:4      | Reached skill level 1 in Hexes
  3178 | D:4      | Reached XP level 5. HP: 28/42 MP: 0/10
  3271 | D:4      | Reached XP level 6. HP: 42/49 MP: 2/11
  3405 | D:4      | Learned a level 4 spell: Iskenderun's Mystic Blast
  3548 | D:4      | Reached skill level 1 in Translocations
  3598 | D:4      | Reached skill level 5 in Stealth
  3860 | D:4      | Reached XP level 7. HP: 47/55 MP: 1/13
  4085 | D:4      | Noticed Pikel
  4111 | D:4      | Killed Pikel
  4112 | D:4      | Reached XP level 8. HP: 36/62 MP: 5/14
  4455 | D:5      | Entered Level 5 of the Dungeon
  4553 | D:5      | Found a runed translucent gate.
  4554 | D:5      | Found a runed translucent gate.
  4554 | D:5      | Noticed bande's ghost (novice GrFi)
  4555 | D:5      | Found a runed translucent gate.
  4557 | D:5      | Identified the +4 plate armour "Tenesk" {Will+ Str+5}
  4684 | D:5      | Found an ornate altar of the Wu Jian Council.
  4684 | D:5      | Found a hide-covered altar of Uskayaw.
  4688 | D:5      | Reached skill level 6 in Stealth
  4770 | D:5      | Reached skill level 5 in Spellcasting
  5742 | D:6      | Reached skill level 7 in Stealth
  6012 | D:6      | Reached XP level 9. HP: 68/68 MP: 11/18
  6092 | D:6      | Found a staircase to the Ecumenical Temple.
  6105 | Temple   | Entered the Ecumenical Temple
  6159 | Temple   | Became a worshipper of Vehumet
  6605 | D:6      | Learned a level 2 spell: Blink
  6698 | D:7      | Reached skill level 8 in Stealth
  7039 | D:7      | Found Eggeiz's Weapon Emporium.
  7330 | D:7      | Found a white marble altar of Elyvilon.
  7532 | D:7      | Identified the +10 rapier of Bread {vamp, rElec rN++}
  7849 | D:8      | Reached skill level 9 in Stealth
  7862 | D:8      | Noticed a troll
  7872 | D:8      | Slain by a troll

Illustrated notes

Levels and vault maps discovered:
D:1:      psy_arrival_wood_between_worlds, layout_basic, serial_shops, shop
D:2:      layout_basic
D:3:      layout_basic
D:4:      layout_rooms, uniq_pikel
D:5:      layout_gridville, mainiacjoe_overflow_catch_the_wave,
          biasface_ghost_orc_armoury, st_stairs_5
D:6:      layout_loops_ring, minmay_temple_entry_mist
D:7:      layout_loops_ring, nicolae_elyvilon_peaceful_grove, serial_shops,
          nicolae_shop_trees
D:8:      cheibrodos_quashed, layout_loops_ring
Temple:   nicolae_temple_bog_church

Skill      XL: |  1  2  3  4  5  6  7  8  9 |
---------------+----------------------------+-----
Stealth        | 4 5 7 9 |  9.1
Spellcasting   | 3 4 6 7 |  7.3
Conjurations   | 5 6 7 8 |  8.9
Hexes          | 1 2 3 |  3.0
Translocations | 1 2 3 |  3.0
Dodging        | |  1.5

Action                     |  1- 3 |  4- 6 |  7- 9 || total
---------------------------+-------+-------+-------++-------
  Melee: Unarmed           |    17 |       |       ||    17
         Dagger            |    15 |     3 |     8 ||    26
   Cast: Magic Dart        |    16 |     1 |     1 ||    18
         Searing Ray       |    35 |    20 |    65 ||   120
         Fulminant Prism   |       |       |     5 ||     5
         Iskenderun's Myst |       |       |     4 ||     4
Ability: Spit Poison       |     1 |       |       ||     1
    Use: Potion            |     1 |       |     3 ||     4
         Scroll            |       |       |     9 ||     9
   Stab: Sleeping          |     4 |       |       ||     4
 Armour: Robe              |    13 |     6 |    31 ||    50
  Dodge: Dodged            |    31 |    14 |    46 ||    91

Table legend: (Time is in decaauts)
 A = Elapsed time spent in this place.
 B = Non-inter-level travel time spent in this place.
 C = Inter-level travel time spent in this place.
 D = Time resting spent in this place.
 E = Time spent auto-exploring this place.
 F = Levels seen in this place.
 G = Mean time per level.
                   A        B        C        D        E       F      G
               +--------+--------+--------+--------+--------+-----+--------+
         Total |   9567 |   9219 |    348 |      0 |   7995 |   9 | 1063.0 |
       Dungeon |   9469 |   9142 |    327 |      0 |   7950 |   8 | 1183.6 |
        Temple |     98 |     77 |     21 |      0 |     44 |   1 |   98.0 |
               +--------+--------+--------+--------+--------+-----+--------+

Top non-repeatable levels by time:
     D:5: 1700 daAuts
     D:1: 1693 daAuts
     D:4: 1479 daAuts
     D:7: 1418 daAuts
     D:3: 1155 daAuts
     D:2: 1003 daAuts
     D:6: 925 daAuts
  Temple: 98 daAuts
     D:8: 94 daAuts
